 Dungeon Crawl Stone Soup version 0.26-a0-597-gb535b0901c (webtiles) character file.

Game seed: 8553687463980145339

9 Lanoc the Caller (level 2, 0/15 HPs)
             Began as a Deep Elf Summoner on Sept 12, 2020.
             Slain by a frilled lizard (3 damage)
             ... on level 2 of the Dungeon.
             The game lasted 00:01:15 (174 turns).

Lanoc the Caller (Deep Elf Summoner)                 Turns: 174, Time: 00:01:16

Health: 0/15       AC:  2    Str:  4 (5)  XL:     2   Next: 3%
Magic:  0/8        EV: 13    Int: 18 (19) God:
Gold:   29         SH:  0    Dex: 12 (15) Spells: 6/7 levels left

rFire    . . .     SeeInvis .   (no weapon)
rCold    . . .     Faith    .   (no shield)
rNeg     . . .     Spirit   .   a - +0 robe
rPois    .         Reflect  .   (no helmet)
rElec    .         Harm     .   (no cloak)
rCorr    .                      (no gloves)
MR       .....                  (no boots)
Stlth    ++........             (no amulet)
HPRegen  0.05/turn              (no ring)
MPRegen  0.11/turn              (no ring)

@: no status effects
A: no striking features
a: no special abilities


You were on level 2 of the Dungeon.
You visited 1 branch of the dungeon, and saw 2 of its levels.

You collected 29 gold pieces.

Inventory:

Armour
 a - a +0 robe (worn)


   Skills:
 + Level 2.8 Dodging
 - Level 2.4 Stealth
 - Level 3.0 Spellcasting
 * Level 4.7 Summonings


You had 6 spell levels left.
You knew the following spells:

 Your Spells              Type           Power        Failure   Level
a - Summon Small Mammal   Summ           ###.         2%          1

Your spell library contained the following spells:

 Spells                   Type           Power        Failure   Level
 Call Imp                 Summ           ###.....     3%          2
 Call Canine Familiar     Summ           ###.....     7%          3
 Summon Guardian Golem    Hex/Summ       ##......     19%         3
 Summon Ice Beast         Ice/Summ       ##......     52%         4
 Summon Lightning Spire   Summ/Air       ##......     52%         4


Dungeon Overview and Level Annotations

Branches:
Dungeon (2/15)

Altars:


Message History

The leopard gecko bites your rat.
Your rat dies!
Your rat's corpse disappears in a puff of smoke!
Casting: Summon Small Mammal (safe; 2% risk of failure)
Confirm with . or Enter, or press ? or * to list all spells.
You miss the frilled lizard. The frilled lizard barely misses you.
Your quokka closely misses the frilled lizard.
You swap places.
The leopard gecko misses your quokka. The frilled lizard barely misses you.
Your quokka barely misses the frilled lizard.
The leopard gecko bites your quokka.
Your quokka barely misses the frilled lizard.
A quokka comes into view.
Your quokka barely misses the frilled lizard.
The frilled lizard unfolds its giant frill.
A goblin comes into view. It is wielding a +0 club.
Casting: Summon Small Mammal (safe; 2% risk of failure)
Confirm with . or Enter, or press ? or * to list all spells.
The frilled lizard bites you.
You die...

. . . . ....#
.. . ...#
###.# . ...
###.rg.# .
... #.@.#
.###.# #l###
.<##.# ####l#
.†.#.#
###....#
.....#
#.Kr###.S....
....l# ##.###
...... ....b#
#(.# r.....
...#.# #.##
......
..##)####.#
#.....


You could see a leopard gecko, a goblin (asleep), a frilled lizard and a
friendly quokka (summoned).

Vanquished Creatures
  A bat (D:2)
  A quokka (D:2)
2 creatures vanquished.

Vanquished Creatures (collateral kills)
  An adder (D:2)
  A goblin (D:2)
  2 frilled lizards
4 creatures vanquished.

Grand Total: 6 creatures vanquished

Notes
Turn   | Place    | Note
-------+----------+-------------------------------------------
     0 | D:1      | Lanoc the Deep Elf Summoner began the quest for the Orb.
     0 | D:1      | Reached XP level 1. HP: 10/10 MP: 6/6
   143 | D:2      | Reached XP level 2. HP: 3/15 MP: 1/8
   174 | D:2      | Slain by a frilled lizard

Illustrated notes

Levels and vault maps discovered:
D:1:      mrwooster_arrival_statue_2, layout_basic
D:2:      layout_rooms, lemuel_zombie_altar_kikubaaqudgha

Action                   || total
-------------------------++-------
Melee: Unarmed           ||     5
 Cast: Summon Small Mamm ||    14
  Use: Potion            ||     2
Armor: Robe              ||     4
Dodge: Dodged            ||    14

Table legend: (Time is in decaauts)
 A = Elapsed time spent in this place.
 B = Non-inter-level travel time spent in this place.
 C = Inter-level travel time spent in this place.
 D = Time resting spent in this place.
 E = Time spent auto-exploring this place.
 F = Levels seen in this place.
 G = Mean time per level.
                   A        B        C        D        E       F      G
               +--------+--------+--------+--------+--------+-----+--------+
         Total |    173 |    150 |     23 |      0 |     85 |   2 |   86.5 |
       Dungeon |    173 |    150 |     23 |      0 |     85 |   2 |   86.5 |
               +--------+--------+--------+--------+--------+-----+--------+

Top non-repeatable levels by time:
     D:1: 123 daAuts
     D:2: 50 daAuts
